 Dungeon Crawl Stone Soup version 0.24.0-10-g970556be89 (webtiles) character file.

Game seed: 7852353005150018060, levelgen mode: deterministic

280 Arixos the Skirmisher (level 6, -5/49 HPs)
             Began as a Demonspawn Monk on Nov 3, 2019.
             Slain by an ogre
             ... wielding a +0 giant club
              (27 damage)
             ... on level 4 of the Dungeon.
             The game lasted 00:10:17 (3253 turns).

Arixos the Skirmisher (Demonspawn Monk)             Turns: 3253, Time: 00:10:18

Health: -5/49      AC:  6    Str: 14    XL:     6   Next: 5%
Magic:  7/7        EV: 12    Int: 11    God:
Gold:   99         SH:  8    Dex: 19    Spells: 2/6 levels left

rFire    . . .     SeeInvis .   f - +0 whip (freeze)
rCold    . . .     Gourm    .   w - +0 buckler
rNeg     . . .     Faith    .   d - +0 ring mail
rPois    .         Spirit   .   (no helmet)
rElec    .         Reflect  .   m - +0 cloak
rCorr    .         Harm     .   (no gloves)
MR       .....                  (no boots)
Stlth    +.........             k - amulet of the acrobat
HPRegen  0.16/turn              v - +4 ring of dexterity
MPRegen  0.10/turn              (no ring)

@: no status effects
A: hooves 2, large bone plates 1, rot immunity
a: no special abilities


You were on level 4 of the Dungeon.
You were near starving.

You visited 1 branch of the dungeon, and saw 4 of its levels.

You collected 99 gold pieces.

Inventory:

Hand Weapons
 f - a +0 whip of freezing (weapon)
Missiles
 a - 50 poisoned darts (quivered)
Armour
 d - a +0 ring mail (worn)
 m - a +0 cloak (worn)
 w - a +0 buckler (worn)
Jewellery
 k - an amulet of the acrobat (around neck)
 v - a +4 ring of dexterity (left hand)
Wands
 r - a wand of clouds (7)
Scrolls
 c - 5 scrolls of identify {unknown}
 i - a scroll of fear {unknown}
 j - a scroll of enchant weapon {unknown}
 o - a scroll of remove curse
 p - a scroll of fog {unknown}
 s - a scroll of noise {unknown}
Potions
 e - a potion of brilliance {unknown}
 g - 2 potions of berserk rage {unknown}
 h - a potion of degeneration {unknown}
 l - 2 potions of curing {unknown}
 n - a potion of might {unknown}
 q - a potion of heal wounds
 t - a potion of cancellation {unknown}
 u - a potion of mutation {unknown}
Comestibles
 b - 8 rations


   Skills:
 + Level 4.3 Fighting
 * Level 0.0 Maces & Flails
 + Level 2.6 Armour
 + Level 3.9 Dodging
 - Level 1.7 Stealth
 * Level 1.2 Shields
 - Level 2.6 Unarmed Combat
 + Level 0.8 Spellcasting
 + Level 1.2 Necromancy


You had 2 spell levels left.
You knew the following spells:

 Your Spells              Type           Power        Failure   Level  Hunger
r - Corpse Rot            Necr           N/A          63%         2    ###....
t - Sublimation of Blood  Necr           #.........   63%         2    ###....

Your spell library contained the following spells:

 Spells                   Type           Power        Failure   Level  Hunger
 Agony                    Necr           #.......     100%        5    ######.
 Bolt of Draining         Conj/Necr      #.........   100%        5    ######.
 Dispel Undead            Necr           #.......     100%        5    ######.
 Excruciating Wounds      Chrm/Necr      #.........   100%        5    ######.


Dungeon Overview and Level Annotations

Branches:
Dungeon (4/15)
 Temple: D:4-7

Altars:
Elyvilon
Makhleb


Innate Abilities, Weirdness & Mutations

You have hoof-like feet.
You are partially covered in large bone plates. (SH +4)
You are immune to rotting.


Message History

You hit the ogre. You freeze the ogre.
The ogre is moderately wounded.
The ogre closely misses you.
You hit the ogre. You freeze the ogre. You kick the ogre, but do no damage.
The ogre is moderately wounded.
You block the ogre's attack.
You hit the ogre but do no damage.
The ogre is moderately wounded.
The ogre barely misses you.
You hit the ogre. You freeze the ogre. You kick the ogre, but do no damage.
The ogre is severely wounded.
The ogre hits you with a +0 giant club!
You hit the ogre but do no damage. You kick the ogre, but do no damage.
The ogre is severely wounded.
The ogre hits you with a +0 giant club!
You hit the ogre. You freeze the ogre.
The ogre is almost dead.
The ogre hits you with a +0 giant club!!
Ouch! That really hurt!
You die...

### ..# #.#####
### #.#... ....
#.#####.#.##.....
#......WO@...#
#########.#.##
#.#.# #.#.#
#.#.### #.#.#..
..#
#########.#.#.#
#.#
.......[..#.#.#
#.#
########..#.#.#
#.#


You could see a phantom and an ogre.

Vanquished Creatures
  An orc priest (D:4)
  Jessica (D:2)
  An orc wizard (D:4)
  Natasha (D:2)
  2 worker ants (D:4)
  A gnoll (D:1)
  3 adders
  3 worms
  3 dart slugs
  2 leopard geckos
  5 orcs
  3 giant cockroaches
  4 hobgoblins
  12 jackals
  11 bats
  3 frilled lizards
  6 goblins
  6 kobolds
  7 rats
75 creatures vanquished.

Notes
Turn   | Place    | Note
-------+----------+-------------------------------------------
     0 | D:1      | Arixos the Demonspawn Monk began the quest for the Orb.
     0 | D:1      | Reached XP level 1. HP: 18/18 MP: 1/1
   231 | D:1      | Reached skill level 1 in Armour
   231 | D:1      | Gained mutation: You are partially covered in large bone
                  | plates. (SH +4) [demonic ancestry]
   231 | D:1      | Reached XP level 2. HP: 22/24 MP: 2/2
   527 | D:1      | Gained mutation: You have large cloven feet. [demonic
                  | ancestry]
   527 | D:1      | Reached XP level 3. HP: 29/29 MP: 3/3
  1113 | D:2      | Found a burning altar of Makhleb.
  1447 | D:2      | Noticed Jessica
  1451 | D:2      | Killed Jessica
  1451 | D:2      | Reached XP level 4. HP: 33/37 MP: 4/4
  1527 | D:2      | Found a white marble altar of Elyvilon.
  1551 | D:2      | Noticed Natasha
  1567 | D:2      | Killed Natasha
  1567 | D:2      | Reached skill level 4 in Fighting
  2036 | D:2      | Gained mutation: You are immune to rotting. [demonic
                  | ancestry]
  2036 | D:2      | Reached XP level 5. HP: 35/42 MP: 5/5
  2108 | D:2      | Learned a level 2 spell: Corpse Rot
  2111 | D:2      | Learned a level 2 spell: Sublimation of Blood
  2271 | D:3      | Found a white marble altar of Elyvilon.
  2895 | D:4      | Reached skill level 1 in Shields
  2895 | D:4      | Reached skill level 1 in Necromancy
  3053 | D:4      | Gained mutation: You have hoof-like feet. [demonic
                  | ancestry]
  3053 | D:4      | Reached XP level 6. HP: 33/49 MP: 7/7
  3253 | D:4      | Slain by an ogre

Levels and vault maps discovered:
D:1:      dpeg_arrival_pond, layout_loops_cross, chequers_serial_rivers_large_a,
          grunt_decor_clamped
D:2:      layout_loops_ring, nicolae_overflow_hidden_temple, elyvilon_altar_3,
          uniq_jessica, uniq_natasha
D:3:      layout_rooms, lemuel_crystal_altar
D:4:      layout_loops_ring, first_ration, uniq_robin

Skill      XL: |  1  2  3  4  5 |
---------------+----------------+-----
Armour         | 1 2 |  2.6
Dodging        | 3 |  3.9
Fighting       | 4 |  4.3
Shields        | 1 |  1.2
Necromancy     | 1 |  1.2
Stealth        | |  1.7
Unarmed Combat | |  2.6
Spellcasting   | |  0.8

Action                   |  1- 3 |  4- 6 || total
-------------------------+-------+-------++-------
Melee: Unarmed           |   136 |   227 ||   363
       Punch             |     3 |     2 ||     5
       Kick              |    15 |    79 ||    94
       Whip              |       |    16 ||    16
  Use: Scroll            |     1 |     1 ||     2
       Potion            |       |     2 ||     2
 Stab: Sleeping          |       |     1 ||     1
  Eat: Chunk             |     2 |     4 ||     6
Armor: Ring mail         |    29 |    59 ||    88
       Robe              |     2 |       ||     2
Dodge: Dodged            |    79 |   143 ||   222
Block: Other             |    15 |    26 ||    41
       Buckler           |       |    29 ||    29
